 Dungeon Crawl Stone Soup version 0.29.1-15-g9cfb28693d (webtiles) character file.

Game seed: 14397506224548094639

768 promet the Trooper (level 7, -3/64 HPs)
             Began as a Minotaur Wanderer on Mar 13, 2023.
             Was an Initiate of Qazlal.
             Slain by a gnoll
             ... wielding a +0 flail
             ... led by a gnoll bouda
              (6 damage)
             ... on level 5 of the Dungeon.
             The game lasted 00:24:13 (4999 turns).

promet the Trooper (Minotaur Wanderer)              Turns: 4999, Time: 00:24:14

Health: -3/64      AC:  8    Str: 15    XL:     7   Next: 52%
Magic:  7/7        EV: 12    Int: 11    God:    Qazlal [......]
Gold:   220        SH:  0    Dex: 11    Spells: 7/8 levels left

rFire   . . .      SeeInvis .   a - +1 halberd (freeze)
rCold   . . .      Faith    .   (shield currently unavailable)
rNeg    . . .      Spirit   .   d - +3 leather armour
rPois   .          Reflect  .   q - +2 hat
rElec   .          Harm     .   (no cloak)
rCorr   .          Rampage  .   (no gloves)
Will    .....                   (no boots)
Stlth   +.........              (no amulet)
HPRegen 0.20/turn               (no ring)
MPRegen 0.10/turn               (no ring)

@: about to teleport
A: horns 2, retaliatory headbutt
a: Renounce Religion


You were on level 5 of the Dungeon.
You worshipped Qazlal.
Qazlal was noncommittal.
You visited 2 branches of the dungeon, and saw 6 of its levels.

You collected 220 gold pieces.

Inventory:

Hand Weapons
 a - a +1 halberd of freezing (weapon)
 b - the +1 flail "Quycsana" {speed, Fragile rElec rC+ rN+}
   (You found it on level 4 of the Dungeon)

   Attacks with this weapon are significantly faster.
   rC:        It protects you from cold.
   rElec:     It insulates you from electricity.
   rN:        It protects you from negative energy.
   Fragile:   It will be destroyed if unequipped.
 g - a +0 whip
Missiles
 f - 37 stones (quivered)
 m - a throwing net
 o - 12 poisoned darts
Armour
 d - a +3 leather armour (worn)
 p - a +0 buckler
 q - a +2 hat (worn)
Magical Staves
 j - a staff of fire
Wands
 l - a wand of iceblast (10)
Scrolls
 c - 4 scrolls of teleportation
Potions
 e - a potion of degeneration {unknown}
 h - a potion of curing {unknown}
 i - a potion of berserk rage
 k - a potion of might
 n - a potion of mutation {unknown}
 r - a potion of cancellation {unknown}


   Skills:
 + Level 6.5 Fighting
 + Level 3.9 Maces & Flails
 * Level 4.8 Polearms
 + Level 3.7 Armour
 + Level 4.1 Dodging
 + Level 0.9 Stealth
 + Level 1.1 Spellcasting
 + Level 1.8 Earth Magic
 * Level 1.2 Evocations


You had 7 spell levels left.
You knew the following spells:

 Your Spells              Type           Power      Damage    Failure   Level
a - Sandblast             Erth           8%         2d5       19%         1

Your spell library contained the following spells:

 Spells                   Type           Power      Damage    Failure   Level
 Stone Arrow              Conj/Erth      4%         3d7       63%         3


Dungeon Overview and Level Annotations

Branches:
Dungeon (5/15)             Temple (1/1) D:4

Altars:
Ashenzari
Cheibriados
Elyvilon
Fedhas
Hepliaklqana
Okawaru
Qazlal
Ru
Vehumet
Xom
Zin

Shops:
D:1 (


Innate Abilities, Weirdness & Mutations

You have a pair of horns on your head.
You reflexively headbutt those who attack you in melee.


Message History

The orc wizard hits you but does no damage.
The orc hits you from afar with a +0 trident.
The gnoll misses you. You furiously retaliate!
You headbutt the gnoll.
The orc wizard attacks as you move away!
The orc wizard misses you. The gnoll hits you with a +0 whip.
You see here a +0 whip.
A shadow imp comes into view.
The shadow imp shouts!
The shadow imp gestures at you. Pain shoots through your body!
* * * LOW HITPOINT WARNING * * *
Okay, then.
As you read the scroll of teleportation, it crumbles to dust.
You feel strangely unstable. The gnoll barely misses you.
You furiously retaliate!
You headbutt the gnoll.
The gnoll throws a throwing net.
The throwing net closely misses you. The shadow imp gestures at you.
Pain shoots through your body!
* * * LOW HITPOINT WARNING * * *
The orc wizard casts a spell.
The orc wizard flickers and vanishes!
Deactivating autopickup; reactivate with Ctrl-A.
Your surroundings suddenly seem different.
A phantom, a gnoll bouda and a gnoll come into view.
A gnoll comes into view. It is wielding a +0 whip.
As you read the scroll of teleportation, it crumbles to dust.
You feel strangely unstable.
The gnoll shouts!
The gnoll bouda barks out a call to the hunt!
The gnolls pick up the pace!
The phantom hits you.
* * * LOW HITPOINT WARNING * * *
A gnoll comes into view. It is wielding a +0 halberd.
The gnoll shouts!
The phantom barely misses you. You furiously retaliate!
You headbutt the phantom, but do no damage.
The gnoll bouda barks out a call to the hunt!
The gnoll picks up the pace!
The gnoll hits you with a +0 flail.
You die...

#.......#
#.......#
######### .
########....
#..W@g..g...
#..g.g......
#...........
#.........##
#.........#
#.........#
#########.#
.#


You could see a phantom, a gnoll bouda and 3 gnolls.

Vanquished Creatures
  Grinder (D:3)
  A black bear (D:4)
  4 crimson imps (D:4)
  2 orc priests
  3 iguanas (D:4)
  An orc wizard (D:4)
  5 gnolls
  3 adders
  3 worms (D:2)
  2 dart slugs
  9 orcs
  7 endoplasms
  9 goblins
  7 hobgoblins
  3 jackals (D:2)
  6 kobolds
  3 quokkas
  5 ball pythons
  3 bats (D:1)
  2 frilled lizards
  11 rats
90 creatures vanquished.

Notes
Turn   | Place    | Note
-------+----------+-------------------------------------------
     0 | D:1      | promet the Minotaur Wanderer began the quest for the Orb.
     0 | D:1      | promet set off with the following items: a +0 club, a
                  | scroll of silence, a scroll of teleportation, a +2 leather
                  | armour; and the following spell memorised: Sandblast; and
                  | the following spells available to memorise: Stone Arrow.
     0 | D:1      | Reached XP level 1. HP: 22/22 MP: 1/1
    64 | D:1      | Reached skill level 5 in Fighting
   221 | D:1      | Reached XP level 2. HP: 29/29 MP: 2/2
   269 | D:1      | Found Zifo's Weapon Boutique.
   840 | D:2      | Reached XP level 3. HP: 32/37 MP: 1/3
  1250 | D:2      | HP: 1/37 [orc priest/+0 short sword (3)]
  1258 | D:2      | Reached skill level 6 in Fighting
  1258 | D:2      | Reached skill level 1 in Maces & Flails
  1258 | D:2      | Reached XP level 4. HP: 29/44 MP: 2/4
  1923 | D:3      | Reached XP level 5. HP: 8/50 MP: 5/5
  2296 | D:3      | Identified the +5 dagger "Hewk" {drain, rC++ Will+ rCorr
                  | Dex-2}
  2717 | D:3      | Noticed Grinder
  2727 | D:3      | Killed Grinder
  2728 | D:3      | Reached skill level 1 in Polearms
  2728 | D:3      | Reached XP level 6. HP: 10/57 MP: 6/6
  3023 | D:3      | Found a faded altar of an unknown god.
  3349 | D:4      | Identified the +1 flail "Quycsana" {speed, Fragile rElec
                  | rC+ rN+}
  3851 | D:4      | Found a staircase to the Ecumenical Temple.
  3860 | Temple   | Entered the Ecumenical Temple
  3887 | Temple   | Became a worshipper of Qazlal Stormbringer
  3958 | D:4      | Found a broken altar of Ashenzari.
  3987 | D:4      | Found a shimmering altar of Xom.
  4191 | D:4      | Reached XP level 7. HP: 44/64 MP: 7/7
  4367 | D:4      | Reached skill level 1 in Evocations
  4616 | D:5      | Entered Level 5 of the Dungeon
  4997 | D:5      | HP: 2/64 [phantom (2)]
  4999 | D:5      | Slain by a gnoll

Illustrated notes

Levels and vault maps discovered:
D:1:      minmay_arrival_stone_box, layout_rooms, serial_shops,
          nicolae_shop_stone, serial_aquarium, aquarium_bridge_square
          [aquarium_subvault_bridge, aquarium_subvault_wall,
          aquarium_subvault_bridge, aquarium_subvault_balcony],
          aquarium_window_1, aquarium_window_2, aquarium_window_3,
          aquarium_window_2, aquarium_view_2d, serial_bayou_lagoon_a
D:2:      layout_loops_ring
D:3:      layout_basic, hellmonk_ecumenical_altar_prayer_group,
          chequers_hall_statues_corner_a, uniq_grinder
D:4:      layout_basic, led_xom_imps, mainiacjoe_overflow_alcove_1,
          minmay_temple_entry_statues_fountains, kennysheep_generic_room_12
D:5:      layout_basic, lemuel_tele_altar, mainiacjoe_overflow_alcove_4,
          serial_shops, nicolae_shop_stone, minmay_puff
Temple:   chequers_temple_sunken

Skill      XL: |  1  2  3  4  5  6  7 |
---------------+----------------------+-----
Fighting       | 5 6 |  6.5
Maces & Flails | 1 2 3 |  3.9
Dodging        | 3 4 |  4.1
Armour         | 2 3 |  3.7
Polearms       | 1 3 4 |  4.8
Evocations     | 1 |  1.2
Stealth        | |  0.9
Spellcasting   | |  1.1
Earth Magic    | |  1.8

Action                   |  1- 3 |  4- 6 |  7- 9 || total
-------------------------+-------+-------+-------++-------
Melee: Club              |     9 |       |       ||     9
       Headbutt          |    21 |    29 |     6 ||    56
       Whip              |    75 |    58 |       ||   133
       Halberd           |       |    78 |    51 ||   129
Throw: Stone             |     2 |       |       ||     2
 Cast: Sandblast         |     3 |       |       ||     3
  Use: Scroll            |     3 |     6 |     7 ||    16
       Potion            |     1 |     1 |       ||     2
Armor: Leather armour    |    34 |    39 |    30 ||   103
Dodge: Dodged            |    52 |    93 |    44 ||   189
